 Dungeon Crawl Stone Soup version 0.20-a0-842-g939b552 (webtiles) character file.

564 M4edhros the Slasher (level 7, -7/54 HPs)
             Began as a Mummy Chaos Knight on Mar 9, 2017.
             Mangled by a troll (12 damage)
             ... on level 2 of the Dungeon.
             The game lasted 00:05:40 (18749 turns).

M4edhros the Slasher (Mummy Chaos Knight)          Turns: 18749, Time: 00:05:40

Health: -7/54      AC:  6    Str: 18    XL:     7   Next: 10%
Magic:  7/7        EV: 10    Int: 11    God:    Xom [.*....]
Gold:   79         SH:  0    Dex: 14    Spells: 4/6 levels left

rFire    x . .     SeeInvis .   a - +1 falchion (chaos)
rCold    + . .     Gourm    .   e - +0 scale mail "Aroajisokh" {Str+3}
rNeg     + + +     Faith    .   (no shield)
rPois    ∞         Spirit   .   (no helmet)
rElec    .         Reflect  .   (no cloak)
rCorr    .         Harm     .   (no gloves)
MR       .....                  (no boots)
Stlth    +.........             (no amulet)
Regen    0.2/turn               (no ring)
MPRegen  0.1/turn               (no ring)

@: very slightly contaminated
A: no food or potions, fire vulnerability, cold resistance 1, negative energy
resistance 3, torment resistance, unbreathing
a: Renounce Religion


You were on level 2 of the Dungeon.
You worshipped Xom.
You were a plaything of Xom.
You were not hungry.

You visited 1 branch of the dungeon, and saw 3 of its levels.

You collected 79 gold pieces.

Inventory:

Hand Weapons
 a - a +1 falchion of chaos (weapon)
 k - a +1 quarterstaff of chaos
 o - a +0 hunting sling
Missiles
 c - 109 stones (quivered)
 d - 2 sling bullets
Armour
 b - a +2 leather armour
 e - the +0 scale mail "Aroajisokh" (worn) {Str+3}
   (Xom gifted it to you on level 1 of the Dungeon)

   It affects your strength (+3).
 m - a +2 ring mail of poison resistance
Magical Staves
 n - an uncursed staff of poison {unknown}
Scrolls
 h - a scroll of amnesia
Books
 j - Xom's Handbook of Parts Unknown
   (Xom gifted it to you on level 1 of the Dungeon)

   Spells                             Type                      Level
   a - Summon Butterflies             Summoning                    1
   b - Song of Slaying                Charms                       2
   c - Excruciating Wounds            Charms/Necromancy            5
   d - Summon Forest                  Summoning/Translocation      5
   e - Ring of Flames                 Charms/Fire                  7
   f - Spellforged Servitor           Conjuration/Summoning        7
Comestibles
 i - 13 meat rations


   Skills:
 - Level 4.0 Fighting
 - Level 4.2 Long Blades
 + Level 1.3 Slings
 - Level 3.5 Armour
 - Level 2.1 Dodging
 - Level 1.7 Stealth


You had 4 spell levels left.
You knew the following spells:

 Your Spells              Type           Power        Failure   Level  Hunger
a - Song of Slaying       Chrm           #.......     98%         2    N/A

Dungeon Overview and Level Annotations

Branches:
Dungeon (3/15)

Altars:
Elyvilon
Xom


Innate Abilities, Weirdness & Mutations

You do not eat or drink.
Your flesh is vulnerable to fire.
You are immune to poison.
Your flesh is cold resistant. (rC+)
You are immune to negative energy. (rN+++)
You are immune to unholy pain and torment.
You can survive without breathing.


Message History

The troll claws you.
* * * LOW HITPOINT WARNING * * *
You hit the troll.
The troll is heavily wounded.
The troll completely misses you.
You riposte.
You slash the troll! You freeze the troll.
The troll is severely wounded.
The troll barely misses you. The troll claws you!
You die... "Leave my toy alone!"
Xom revives you! The troll bites you.
* * * LOW HITPOINT WARNING * * *
The troll barely misses you. The troll claws you.
* * * LOW HITPOINT WARNING * * *
You hit the troll.
The troll twitches.
The troll is severely wounded.
The troll bites you!
You die...
Xom chortles!

.######## #.###...........# #.#.
.##.....####(###.##........# #.#.
..#........).[[............# #.#.
P.#.....####.###.#.........# #.#.
..#.....####.#.............# #.##
.##..........######........# #.#
.##.....#..).#################.##
†########..........# #.......
..###...#.......@..# ######..#
_.....P..........T.# #....#..)
..###..P#####.####.######.##.#...
.############.# #.#...##.##.##..
.#__.<.._._.._# #.#...##.##.##.P
.####..._.##### #...........###.
..#..._...# ########T...>.......
P.#.().)..# #.....))........#...
..#().__..# #.....##.##.#)......


You could see a troll.

Vanquished Creatures
  Sigmund (D:2)
  A necrophage (D:1)
  Ijyb (D:2)
  Natasha (thrice) (D:2)
  10 gnolls (D:2)
  2 adders (D:2)
  An ooze (D:1)
  5 dart slugs
  4 worms (D:2)
  3 leopard geckos (D:2)
  7 giant cockroaches
  11 goblins
  9 hobgoblins
  9 jackals
  A quokka (D:3)
  2 ball pythons
  10 bats
  2 frilled lizards
  10 kobolds
  10 rats
102 creatures vanquished.

Vanquished Creatures (collateral kills)
  A gnoll (D:2)
  A rat (D:2)
2 creatures vanquished.

Grand Total: 104 creatures vanquished

Notes
Turn   | Place    | Note
-------+----------+-------------------------------------------
     0 | D:1      | M4edhros the Mummy Chaos Knight began the quest for the Orb.
     0 | D:1      | Reached XP level 1. HP: 18/18 MP: 1/1
   114 | D:1      | Reached XP level 2. HP: 22/24 MP: 2/2
   202 | D:1      | Reached skill level 1 in Dodging
   278 | D:1      | Reached XP level 3. HP: 25/29 MP: 3/3
   489 | D:1      | XOM: mild Conj miscast
  1376 | D:1      | XOM: harmless Fire miscast
  1388 | D:1      | XOM: god gift: 16 stones
  1465 | D:1      | XOM: cloud trail
  1652 | D:1      | XOM: divination: magic mapping
  2052 | D:1      | XOM: harmless Tmut miscast
  2075 | D:1      | XOM: medium Hex miscast
  2224 | D:1      | XOM is BORED!
  2224 | D:1      | XOM: severe Hex miscast
  2315 | D:1      | XOM: mild Hex miscast
  2346 | D:1      | XOM: divination: detect creatures
  2351 | D:1      | XOM: harmless Tloc miscast
  2517 | D:1      | XOM: harmless Air miscast
  4079 | D:1      | XOM: god gift: 17 stones
  4644 | D:1      | XOM: harmless Hex miscast
  5721 | D:1      | XOM: cloud trail
  6700 | D:1      | XOM: divination: detect items
  7119 | D:1      | XOM: medium Air miscast
  7794 | D:1      | XOM: god gift: 4 meat rations
  8119 | D:1      | XOM: scenery: create altars
  8309 | D:1      | Identified Xom's Handbook of Parts Unknown (Xom gifted it to you on level 1 of the Dungeon)
  8309 | D:1      | XOM: god gift: Xom's Handbook of Parts Unknown
  8386 | D:1      | Noticed a necrophage
  8389 | D:1      | Learned a level 2 spell: Song of Slaying
  8400 | D:1      | Killed a necrophage
  8400 | D:1      | Reached skill level 1 in Stealth
  8400 | D:1      | Reached XP level 4. HP: 17/36 MP: 4/4
  8520 | D:1      | XOM: scenery: create altars
  8936 | D:1      | XOM: scenery: create altars
  9288 | D:1      | XOM: god gift: scroll labeled ODANTE FUESAXT {god gift}
  9397 | D:1      | XOM: summons 2 hostile demons
  9612 | D:1      | XOM: god gift: spiked scale mail {god gift}
  9613 | D:1      | Got a spiked scale mail {god gift}
  9624 | D:1      | Identified the +0 scale mail "Aroajisokh" {Str+3} (Xom gifted it to you on level 1 of the Dungeon)
  9965 | D:1      | XOM: god gift: glowing quarterstaff {god gift}
 10011 | D:1      | XOM: scenery: create altars
 10197 | D:1      | XOM: cloud trail
 10389 | D:1      | XOM: summons 2 hostile demons
 10551 | D:1      | XOM: harmless Pois miscast
 10595 | D:1      | XOM is BORED!
 10595 | D:1      | XOM: summons 2 hostile demons
 11055 | D:1      | XOM: silly message
 11135 | D:1      | XOM: divination: detect creatures
 11156 | D:1      | XOM: cloud trail
 11670 | D:1      | Noticed a deep troll
 11703 | D:2      | Reached XP level 5. HP: 39/41 MP: 5/5
 11719 | D:2      | Found a faded altar of an unknown god.
 11774 | D:2      | Found a white marble altar of Elyvilon.
 11774 | D:2      | XOM: god gift: 23 gold pieces
 11818 | D:2      | Noticed Ijyb
 11818 | D:2      | XOM: summons friendly shadow imp
 11827 | D:2      | Noticed Sigmund
 11828 | D:2      | XOM: medium Ice miscast
 11831 | D:2      | Killed Ijyb
 11838 | D:2      | Killed Sigmund
 11838 | D:2      | Reached XP level 6. HP: 34/48 MP: 6/6
 12049 | D:2      | XOM: severe Pois miscast
 12256 | D:2      | Noticed Natasha
 12282 | D:3      | HP: 2/48 [dart slug/slug dart (5)]
 12503 | D:2      | XOM: god gift: 6 meat rations
 12834 | D:2      | XOM: mild Tmut miscast
 13020 | D:2      | XOM: god gift: thick runed staff {god gift}
 13102 | D:2      | Killed Natasha
 13724 | D:2      | XOM: scenery: create altars
 14186 | D:2      | XOM: god gift: 2 gold pieces
 14526 | D:2      | XOM: 1-stop teleportation journey
 14765 | D:2      | XOM: summons 1 hostile shadow creature
 15447 | D:2      | XOM: medium Tmut miscast
 15469 | D:2      | XOM is BORED!
 15469 | D:2      | XOM: mild Necr miscast
 15540 | D:2      | XOM: 3-stop teleportation journey
 15557 | D:2      | Noticed Natasha
 15563 | D:2      | Killed Natasha
 15607 | D:2      | XOM: scenery: create altars
 15675 | D:2      | XOM: cloud trail
 15883 | D:2      | XOM: divination: magic mapping
 15934 | D:2      | XOM: divination: detect creatures
 16426 | D:2      | XOM: cloud trail
 16550 | D:2      | XOM: cloud trail
 17064 | D:2      | XOM: cast spell 'Call Canine Familiar'
 17066 | D:2      | Reached XP level 7. HP: 49/54 MP: 7/7
 17072 | D:2      | Reached skill level 1 in Slings
 17362 | D:2      | XOM: silly message
 17634 | D:2      | Noticed Natasha
 17642 | D:2      | Killed Natasha
 18035 | D:2      | XOM: medium Necr miscast
 18036 | D:2      | Noticed a shadow
 18036 | D:2      | Noticed a shadow
 18723 | D:2      | XOM: 1-stop teleportation journey
 18724 | D:2      | Noticed a troll
 18726 | D:2      | XOM: snakes to sticks
 18729 | D:2      | XOM: harmless Hex miscast
 18735 | D:2      | XOM: enchant monster (bad)
 18739 | D:2      | XOM: enchant monster (bad)
 18748 | D:2      | Xom revived you
 18749 | D:2      | Mangled by a troll

Vault maps used:
D:1:      tarquinn_simple_flora_water_b, nrook_loot_triangle
D:2:      chequers_ecumenical_altar_simple, serial_bayou_pond_b,
          elyvilon_altar_1, uniq_iyjb, uniq_sigmund, uniq_crazy_yiuf_cottage,
          uniq_natasha
D:3:      kennysheep_slugbush, serial_bayou, serial_bayou_crossing,
          serial_bayou_ford_a, serial_bayou_pond_d, serial_bayou_pond_e,
          serial_bayou_pond_d, first_bread, uniq_terence

Skill      XL: |  1  2  3  4  5  6  7 |
---------------+----------------------+-----
Dodging        | 1 2 |  2.1
Long Blades    | 3 4 |  4.2
Armour         | 2 3 |  3.5
Stealth        | 1 |  1.7
Fighting       | 4 |  4.0
Slings         | 1 |  1.3

Action                   |  1- 3 |  4- 6 |  7- 9 || total
-------------------------+-------+-------+-------++-------
Melee: Falchion          |   102 |   203 |    28 ||   333
  Use: Scroll            |     1 |     2 |     3 ||     6
 Stab: Confused          |       |     1 |     1 ||     2
       Petrifying        |       |     1 |       ||     1
       Paralysed         |       |     1 |       ||     1
Armor: Leather armour    |    51 |     2 |       ||    53
       Scale mail        |       |   103 |    12 ||   115
Dodge: Dodged            |    81 |   144 |    19 ||   244
       Rpst.: Falchion   |    25 |    39 |     4 ||    68
